AoeStats
← [NICE_ASS] BigMasi

Nomad

507831884Analyzed
3v3 RM · 13d ago on Sep 19, 2026· 49m 28s· 6 players
Game mode
Random Map
Map size
210×210
Population
200
Speed
Normal
Resources
Standard
Victory
Conquest
Starting age
Dark Age
Ending age
Imperial Age
RankedLock teamsTeams togetherTeam positionsShared explorationLock speedFull tech treeHidden civsTurbo modeCheats
Victory
Defeat
🇨🇭 Wei · Switzerland
1283
+9
🇨🇭 Chinese · Switzerland
1193
+12
🇮🇹 Armenians · Italy
770
+28
🇺🇾 Saracens · Uruguay
1126
-17
🇺🇸 Britons · United States
1113
-17
🇦🇷 Persians · Argentina
1066
-15
LongDuckDong23
13:07 Feudal Age
13:37 Double-Bit Axe
15:27 Fishing Lines
19:29 Horse Collar
21:20 Loom
24:02 Castle Age
22:09 Stone Mining
23:16 Padded Archer Armor
23:07 Fletching
23:42 Gold Mining
25:42 Wheelbarrow
25:44 Heavy Plow
25:57 Bow Saw
26:26 Gold Shaft Mining
30:22 Town Watch
32:16 Masonry
35:18 Imperial Age
34:03 Hand Cart
34:44 Ballistics
35:12 Treadmill Crane
35:42 Town Patrol
36:18 Leather Archer Armor
36:29 Conscription
38:31 Ring Archer Armor
37:57 Bodkin Arrow
41:52 Chemistry
42:15 Yeomen
44:11 Architecture
44:45 Elite Longbowman
49:18 Bracer
julijuli
3:48 Loom
13:07 Feudal Age
22:32 Castle Age
23:32 Scale Barding Armor
23:04 Demolition Ship
27:18 Husbandry
27:32 Forging
33:01 Bloodlines
44:02 Imperial Age
42:14 Double-Bit Axe
44:51 Heavy Camel Rider
46:09 Horse Collar
martin_ch09
4:44 Loom
5:17 Loom
14:30 Feudal Age
16:05 Wheelbarrow
15:17 Town Watch
15:41 Double-Bit Axe
16:22 Stone Mining
16:22 Gold Mining
22:50 Castle Age
23:53 Hand Cart
23:39 Town Patrol
24:06 Medium Warships
24:07 Fletching
24:18 Padded Archer Armor
25:07 Bodkin Arrow
26:50 Husbandry
29:32 Bow Saw
38:43 Imperial Age
36:53 Bloodlines
39:35 Elite Mameluke
40:40 Conscription
40:57 Ballistics
41:39 Gold Shaft Mining
44:18 Chemistry
43:29 Scale Barding Armor
43:35 Forging
43:48 Bracer
47:48 Heavy Warships
hanibalX
3:05 Loom
16:26 Feudal Age
17:01 Double-Bit Axe
17:20 Gold Mining
17:15 Fishing Lines
18:39 Wheelbarrow
20:45 Castle Age
18:44 Fletching
18:55 Padded Archer Armor
22:25 Bodkin Arrow
22:43 Medium Warships
22:50 Bow Saw
22:44 Gillnets
23:23 Thumb Ring
24:38 Leather Archer Armor
25:30 Gold Shaft Mining
25:25 Hand Cart
27:00 Ballistics
28:26 Town Watch
29:42 Siphons
32:29 Imperial Age
30:25 Careening
30:30 Clinker Construction
31:44 Masonry
31:30 Murder Holes
33:50 Conscription
34:04 Ring Archer Armor
33:27 Demolition Ship
34:37 Heavy Warships
36:01 Bracer
37:26 Chemistry
37:45 Two-Man Saw
38:39 Dry Dock
38:51 Rocketry
38:59 Town Patrol
39:35 Elite Chu Ko Nu
41:32 Architecture
40:48 Arrowslits
40:54 Horse Collar
42:17 Coinage
45:19 Bombard Tower
[NICE_ASS] BigMasi
5:11 Loom
14:06 Feudal Age
14:41 Double-Bit Axe
14:45 Fishing Lines
15:15 Gold Mining
16:26 Wheelbarrow
16:46 Wheelbarrow
21:02 Castle Age
20:42 Stone Mining
20:36 Horse Collar
21:26 Scale Barding Armor
21:32 Forging
21:41 Gillnets
22:03 Medium Warships
22:54 Bow Saw
23:22 Gold Shaft Mining
23:23 Stone Shaft Mining
24:18 Heavy Plow
24:58 Town Watch
25:36 Hand Cart
27:56 Bloodlines
27:46 Husbandry
29:22 Chain Barding Armor
32:54 Imperial Age
32:17 Iron Casting
35:11 Conscription
37:21 Blast Furnace
37:10 Tuntian
40:44 Ming Guang Armor
39:41 Elite Tiger Cavalry
CHFSwissMade
17:43 Feudal Age
21:35 Horse Collar
29:12 Castle Age
26:58 Loom
Connection lost

Rejoining the realm…

Still unreachable

The connection could not be restored.

Session expired

The server has moved on; the page needs a fresh start.